 Dungeon Crawl Stone Soup version 0.20.1-1-g8b1a95d (console) character file.

2700 hilaritas the Geomancer (level 9, -9/45 HPs)
             Began as a Deep Elf Earth Elementalist on Sept 10, 2017.
             Was a Believer of Vehumet.
             Shot with a bolt by an orc warrior (13 damage)
             ... in a bailey.
             The game lasted 00:20:44 (8070 turns).

hilaritas the Geomancer (DEEE)                      Turns: 8070, Time: 00:20:45

Health: -9/45      AC:  5    Str:  7    XL:     9   Next: 38%
Magic:  20/20      EV: 13    Int: 27    God:    Vehumet [**....]
Gold:   347        SH:  0    Dex: 13    Spells: 10/21 levels left

rFire    . . .     SeeInvis .   a - staff of air
rCold    + . .     Gourm    .   (no shield)
rNeg     . . .     Faith    .   c - +0 robe
rPois    +         Spirit   .   C - +1 helmet
rElec    +         Reflect  .   (no cloak)
rCorr    .         Harm     .   (no gloves)
MR       .....                  p - +0 pair of boots
Stlth    ++........             (no amulet)
Regen    0.2/turn               t - +5 ring of intelligence
MPRegen  0.2/turn               x - ring of protection from cold

@: no status effects
A: clumsy 1, poison resistance
a: Renounce Religion


You were in a bailey.
You worshipped Vehumet.
Vehumet was pleased with you.
You were not hungry.

You visited 1 branch of the dungeon, and saw 8 of its levels.
You also visited: Bailey.

You collected 347 gold pieces.

Inventory:

Hand Weapons
 k - a +3 whip of electrocution
Missiles
 b - 23 stones (quivered)
 A - 9 arrows
Armour
 c - a +0 robe (worn)
 p - a +0 pair of boots (worn)
 C - a +1 helmet (worn)
Magical Staves
 a - an uncursed staff of air (weapon)
Jewellery
 n - an uncursed ring of resist corrosion
 t - a +5 ring of intelligence (left hand)
 x - a ring of protection from cold (right hand)
 y - an uncursed ring of poison resistance
Wands
 s - a wand of lightning (10/15)
Scrolls
 f - 5 scrolls of identify
 g - 5 scrolls of remove curse
 i - a scroll of enchant weapon
 j - a scroll of blinking
 m - 3 scrolls of teleportation
 B - 2 scrolls of amnesia
Potions
 h - a potion of cancellation
 o - a potion of resistance
 q - a potion of invisibility
 r - a potion of might
 v - a potion of curing
 D - a potion of agility
Books
 e - a book of Geomancy

   Spells                             Type                      Level
   a - Sandblast                      Earth                        1
   b - Passwall                       Transmutation/Earth          2
   c - Stone Arrow                    Conjuration/Earth            3
   d - Petrify                        Transmutation/Earth          4
   e - Lee's Rapid Deconstruction     Earth                        5
 u - a book of Cantrips

   Spells                             Type                      Level
   a - Confusing Touch                Hexes                        1
   b - Animate Skeleton               Necromancy                   1
   c - Summon Small Mammal            Summoning                    1
   d - Apportation                    Translocation                1
 F - a book of Changes

   Spells                             Type                      Level
   a - Beastly Appendage              Transmutation                1
   b - Sticks to Snakes               Transmutation                2
   c - Spider Form                    Transmutation/Poison         3
   d - Ice Form                       Ice/Transmutation            4
   e - Blade Hands                    Transmutation                5
Comestibles
 d - 7 bread rations
 l - 4 meat rations
 w - 3 fruits
 E - a royal jelly


   Skills:
 - Level 2.4 Dodging
 - Level 2.4 Stealth
 - Level 6.5 Spellcasting
 - Level 6.1 Conjurations
   Level 1.1 Transmutations
 + Level 11.8 Earth Magic


You had 10 spell levels left.
You knew the following spells:

 Your Spells              Type           Power        Failure   Level  Hunger
a - Sandblast             Erth           ######       1%          1    None
b - Stone Arrow           Conj/Erth      ######       1%          3    None
c - Lee's Rapid Deconstr  Erth           ######....   1%          5    #####..
d - Apportation           Tloc           #.....       6%          1    None
e - Shock                 Conj/Air       ####         1%          1    None


Dungeon Overview and Level Annotations

Branches:
Dungeon (8/15)             Temple (0/1) D:4
   Lair: D:8-11

Altars:
Cheibriados
Kikubaaqudgha
Qazlal
Vehumet
The Shining One


Innate Abilities, Weirdness & Mutations

You are clumsy. (Dex -2)
Your system is resistant to poisons. (rPois)


Message History

You start resting.
Magic restored.
You start resting.
All of the chunks of flesh in your inventory have rotted away.
HP restored.
The orc knight shouts!
The orc warrior shouts!
There is an empty arch of ancient stone here.
The orc knight shouts! x3; The orc warrior shouts!
The orc warrior shoots a bolt.
The bolt misses you.
The orc knight roars a battlecry!
The orcs go into a battle-frenzy!
The orc knight hits you from afar with a trident!!!
Ouch! That really hurt!
* * * LOW HITPOINT WARNING * * *
The orc warrior shouts!
You hear a shout!
You see here a bolt.
The orc knight hits you from afar with a glaive.
* * * LOW HITPOINT WARNING * * *
The orc warrior shoots a bolt.
The bolt hits you!
You die...

### ####
##∩#########
....##...##.....##
≈≈≈..#...#..≈≈≈..#
≈o≈≈..(....≈≈o≈≈.#
ooo≈.....(.≈ooo≈.+
≈o≈≈.......≈≈o≈≈.#
≈≈..#(..#(.≈≈≈..#
.. #.∩.##@....##
##∩######### ###


You could see 2 orc knights and 3 orc warriors.

Vanquished Creatures
  Grinder (D:3)
  A hungry ghost (D:8)
  The ghost of HedoNNN the Cudgeler, an amateur MiBe of Trog (D:3)
  Edmund (D:4)
  2 ice beasts (D:6)
  A sky beast (D:6)
  4 ogres
  A centaur (D:7)
  2 bullfrogs (D:6)
  A scorpion (D:5)
  4 wights (D:6)
  A quasit (D:8)
  A centaur zombie (D:5)
  6 crimson imps
  2 bullfrog zombies
  A hound (D:5)
  3 orc wizards
  2 bullfrog skeletons
  2 orc priests
  A jelly (D:7)
  6 worker ants
  13 gnolls
  8 adders
  2 shadow imps
  An ooze (D:4)
  5 worms
  3 dart slugs
  7 leopard geckos
  20 orcs
  9 bats
  4 giant cockroaches
  13 goblins
  3 hobgoblins
  4 jackals (D:2)
  4 kobolds
  5 quokkas
  5 frilled lizards
  A leopard gecko skeleton (D:6)
  8 rats
159 creatures vanquished.

Notes
Turn   | Place    | Note
-------+----------+-------------------------------------------
     0 | D:1      | hilaritas the Deep Elf Earth Elementalist began the quest for the Orb.
     0 | D:1      | Reached XP level 1. HP: 10/10 MP: 6/6
   250 | D:1      | Reached skill level 4 in Earth Magic
   250 | D:1      | Reached XP level 2. HP: 15/15 MP: 5/8
   815 | D:2      | Reached XP level 3. HP: 19/19 MP: 7/9
  1030 | D:2      | Found a glowing golden altar of the Shining One.
  1061 | D:2      | Reached skill level 5 in Earth Magic
  1066 | D:2      | Learned a level 3 spell: Stone Arrow
  1182 | D:2      | Reached skill level 1 in Conjurations
  1270 | D:2      | Reached XP level 4. HP: 24/24 MP: 8/10
  1382 | D:2      | Found a faded altar of an unknown god.
  1653 | D:3      | Noticed Grinder
  1655 | D:3      | Paralysed by Grinder for 7 turns
  1897 | D:3      | Killed Grinder
  1897 | D:3      | Reached XP level 5. HP: 17/28 MP: 8/16
  1897 | D:3      | Reached XP level 6. HP: 19/32 MP: 8/17
  2003 | D:3      | Learned a level 5 spell: Lee's Rapid Deconstruction
  2153 | D:3      | Noticed HedoNNN's ghost (amateur MiBe)
  2161 | D:3      | Killed HedoNNN's ghost
  2162 | D:3      | Reached skill level 6 in Earth Magic
  2308 | D:3      | Found a stormy altar of Qazlal.
  2928 | D:4      | Noticed Edmund
  2939 | D:4      | Killed Edmund
  2939 | D:4      | Reached XP level 7. HP: 29/36 MP: 9/18
  3154 | D:4      | You fall through a shaft!
  3154 | D:5      | Entered Level 5 of the Dungeon
  3333 | D:4      | Reached skill level 7 in Earth Magic
  3736 | D:4      | Found a radiant altar of Vehumet.
  3746 | D:4      | Became a worshipper of Vehumet
  3827 | D:4      | Learned a level 1 spell: Apportation
  3846 | D:4      | Found a staircase to the Ecumenical Temple.
  3893 | D:4      | Reached skill level 8 in Earth Magic
  4439 | D:5      | Found an ancient bone altar of Kikubaaqudgha.
  4647 | D:5      | Reached XP level 8. HP: 41/41 MP: 13/19
  5650 | D:6      | Reached skill level 5 in Conjurations
  5650 | D:6      | Reached skill level 9 in Earth Magic
  6352 | D:6      | Gained mutation: Your mind is acute. (Int +2) [potion of mutation]
  6352 | D:6      | Gained mutation: Your magical capacity is low. (-10% MP) [potion of mutation]
  6352 | D:6      | Gained mutation: Your system is resistant to poisons. (rPois) [potion of mutation]
  6353 | D:6      | Lost mutation: Your magical capacity is low. (-10% MP) [potion of mutation]
  6353 | D:6      | Lost mutation: Your system is resistant to poisons. (rPois) [potion of mutation]
  6353 | D:6      | Lost mutation: Your mind is acute. (Int +2) [potion of mutation]
  6353 | D:6      | Gained mutation: You are clumsy. (Dex -2) [potion of mutation]
  6353 | D:6      | Gained mutation: Your system is resistant to poisons. (rPois) [potion of mutation]
  6634 | D:6      | Reached skill level 10 in Earth Magic
  6967 | D:7      | Reached * piety under Vehumet
  6967 | D:7      | Offered knowledge of Sting by Vehumet.
  6972 | D:7      | Reached XP level 9. HP: 45/45 MP: 3/20
  7219 | D:7      | Found a snail-covered altar of Cheibriados.
  7479 | D:7      | You fall through a shaft!
  7482 | D:8      | Reached skill level 11 in Earth Magic
  7575 | D:8      | Offered knowledge of Shock by Vehumet.
  7578 | D:8      | Learned a level 1 spell: Shock
  7595 | D:8      | Reached ** piety under Vehumet
  7785 | D:8      | Found a flagged portal.
  7798 | Bailey   | Entered a bailey
  7798 | Bailey   | Noticed an orc knight
  7798 | Bailey   | Noticed an orc knight
  7802 | Bailey   | Noticed an orc knight
  7802 | Bailey   | Noticed an orc knight
  8070 | Bailey   | Shot with a bolt by an orc warrior

Skill      XL: |  1  2  3  4  5  6  7  8  9 |
---------------+----------------------------+-----
Earth Magic    | 4 5 6 8 10 11 | 11.8
Conjurations   | 1 2 3 4 6 |  6.1
Spellcasting   | 6 |  6.5
Dodging        | |  2.4
Stealth        | |  2.4
Transmutations | |  1.1

Action                   |  1- 3 |  4- 6 |  7- 9 || total
-------------------------+-------+-------+-------++-------
Melee: Staff             |       |       |    11 ||    11
 Cast: Sandblast         |    40 |    63 |    52 ||   155
       Stone Arrow       |       |       |    85 ||    85
       Lee's Rapid Decon |       |       |     6 ||     6
  Use: Potion            |       |     3 |     2 ||     5
       Scroll            |       |     8 |     8 ||    16
  Eat: Chunk             |     1 |     5 |    12 ||    18
       Bread ration      |       |       |     1 ||     1
Armor: Robe              |     1 |     2 |    10 ||    13
       Skin              |       |     1 |       ||     1
Dodge: Dodged            |     8 |    22 |    29 ||    59
